 Dungeon Crawl Stone Soup version 0.29-a0-298-g3c90f9a769 (webtiles) character file.

Game seed: 8452098363848168484

38 Dabor the Stinger (level 3, 0/19 HPs)
             Began as a Deep Elf Venom Mage on Mar 23, 2022.
             Was a Believer of Lugonu.
             Succumbed to an adder's poison
             ... on level 3 of the Dungeon.
             The game lasted 00:01:36 (2577 turns).

Dabor the Stinger (Deep Elf Venom Mage)             Turns: 2577, Time: 00:01:37

Health: 0/19       AC:  2    Str:  2 (5)  XL:     3   Next: 25%
Magic:  3/9        EV: 13    Int: 18 (21) God:    Lugonu [**....]
Gold:   168        SH:  0    Dex: 14 (15) Spells: 5/8 levels left

rFire   + . .      SeeInvis .   m - +1 dagger (freeze)
rCold   . . .      Faith    .   (no shield)
rNeg    . . .      Spirit   .   a - +0 robe
rPois   .          Reflect  .   (no helmet)
rElec   .          Harm     .   (no cloak)
rCorr   .          Rampage  .   (no gloves)
Will    .....                   (no boots)
Stlth   ++........              (no amulet)
HPRegen 0.06/turn               c - ring of flight
MPRegen 0.11/turn               s - ring of protection from fire

@: lethally poisoned (0 -> -5), flying
A: no striking features
a: Renounce Religion, Depart the Abyss, Bend Space


You were on level 3 of the Dungeon.
You worshipped Lugonu.
Lugonu was pleased with you.
You visited 1 branch of the dungeon, and saw 3 of its levels.

You collected 168 gold pieces.

Inventory:

Hand Weapons
 m - a +1 dagger of freezing (weapon)
Armour
 a - a +0 robe (worn)
Jewellery
 c - a ring of flight (left hand)
 s - a ring of protection from fire (right hand)
Scrolls
 d - 3 scrolls of identify {unknown}
 f - 2 scrolls of teleportation {unknown}
 g - a scroll of holy word {unknown}
 k - a scroll of enchant weapon {unknown}
 l - a scroll of summoning {unknown}
 n - a scroll of magic mapping {unknown}
 o - a scroll of immolation {unknown}
 r - a scroll of silence {unknown}
Potions
 b - a potion of magic
 h - a potion of mutation {unknown}
 i - a potion of brilliance {unknown}
 j - a potion of curing {unknown}
 p - 4 potions of lignification {unknown}
 q - a potion of might {unknown}


   Skills:
 + Level 2.9 Dodging
 + Level 3.1 Stealth
 + Level 3.4 Spellcasting
 + Level 1.7 Transmutations
 + Level 3.6 Poison Magic


You had 5 spell levels left.
You knew the following spells:

 Your Spells              Type           Power      Damage    Failure   Level
a - Sting                 Tmut/Pois      48%        1d5       4%          1
b - Poisonous Vapours     Pois/Air       18%        N/A       11%         2

Your spell library contained the following spells:

 Spells                   Type           Power      Damage    Failure   Level
 Sandblast                Erth           6%         2d5       16%         1
 Mephitic Cloud           Conj/Pois/Air  7%         N/A       28%         3
 Olgreb's Toxic Radiance  Pois           16%        N/A       34%         4


Dungeon Overview and Level Annotations

Branches:
Dungeon (3/15)

Altars:
Lugonu

Shops:
D:3 (


Message History

Aim: an adder (57% to hit)
The sting hits the adder.
The adder is poisoned.
The adder is lightly wounded.
The adder misses you.
Casting: Sting (safe; 4% risk of failure)
Confirm with . or Enter, or press ? or * to list all spells.
Aiming: Sting (safe; 4% risk of failure)
Press: ? - help, Shift-Dir - straight line, f/p - adder
Aim: an adder (lightly wounded, poisoned, 57% to hit)
The sting misses the adder.
The sting hits the goblin.
The goblin is poisoned.
The goblin is heavily wounded.
You kill the goblin!
Lugonu accepts your kill. The adder misses you. The adder barely misses you.
Casting: Sting (safe; 4% risk of failure)
Confirm with . or Enter, or press ? or * to list all spells.
Aiming: Sting (safe; 4% risk of failure)
Press: ? - help, Shift-Dir - straight line, f/p - adder
Aim: an adder (lightly wounded, poisoned, 57% to hit)
The sting hits the adder but does no damage.
The adder looks even sicker.
The adder is lightly wounded.
The adder bites you.
* * * LOW HITPOINT WARNING * * *
You are lethally poisoned!
The adder poisons you!
Casting: Sting (safe; 4% risk of failure)
Confirm with . or Enter, or press ? or * to list all spells.
Aiming: Sting (safe; 4% risk of failure)
Press: ? - help, Shift-Dir - straight line, f/p - adder
Aim: an adder (lightly wounded, very poisoned, 57% to hit)
The sting misses the adder.
The sting hits the endoplasm.
The endoplasm is poisoned.
The endoplasm is lightly wounded.
* * * LOW HITPOINT WARNING * * *
You feel sick. The adder barely misses you.
It was a potion of degeneration.
There was something very wrong with that liquid.
You feel weakened.
You feel dopey.
You feel clumsy.
You die...

.##................
.##................
##.##................
.J.##................
#..##................
#######..##................
.........##....^...†.......
#######.###......†.........
#.JS@...#####.†..####
######### #....# #....#
#....# #....#### #........
###....## #..†.# #....#


You could see an adder (very poisoned) and an endoplasm (poisoned).

Vanquished Creatures
  A dart slug (D:1)
  4 endoplasms
  6 goblins
  3 hobgoblins
  2 jackals (D:3)
  2 quokkas (D:1)
  3 ball pythons
  4 bats (D:1)
  2 frilled lizards (D:2)
  2 kobolds
  5 rats
34 creatures vanquished.

Notes
Turn   | Place    | Note
-------+----------+-------------------------------------------
     0 | D:1      | Dabor the Deep Elf Venom Mage began the quest for the Orb.
     0 | D:1      | Reached XP level 1. HP: 10/10 MP: 6/6
   492 | D:1      | Reached XP level 2. HP: 13/15 MP: 4/8
   870 | D:1      | Found a faded altar of an unknown god.
   881 | D:1      | Got Plato's Almanac of Stones
   960 | D:1      | Prayed at the altar of an unknown god.
   960 | D:1      | Became a worshipper of Lugonu the Unformed
   960 | D:1      | Reached * piety under Lugonu
   960 | D:1      | Reached ** piety under Lugonu
  2223 | D:3      | Found Voackis's Weapon Boutique.
  2235 | D:3      | Reached XP level 3. HP: 19/19 MP: 7/9
  2238 | D:3      | Learned a level 2 spell: Poisonous Vapours
  2577 | D:3      | Succumbed to an adder's poison

Illustrated notes

Levels and vault maps discovered:
D:1:      nzn_arrival_settlement, layout_loops_ring,
          shapermc_ecumenical_altar_rom_forum
D:2:      layout_loops_ring
D:3:      layout_basic, led_xom_imps, serial_shops, nicolae_shop_stone

Skill      XL: |  1  2 |
---------------+-------+-----
Stealth        | 3 |  3.1
Dodging        | |  2.9
Spellcasting   | |  3.4
Transmutations | |  1.7
Poison Magic   | |  3.6

Action                   || total
-------------------------++-------
Melee: Unarmed           ||    17
       Dagger            ||     7
 Cast: Sting             ||    57
  Use: Potion            ||     1
Armor: Robe              ||     7
Dodge: Dodged            ||    37

Table legend: (Time is in decaauts)
 A = Elapsed time spent in this place.
 B = Non-inter-level travel time spent in this place.
 C = Inter-level travel time spent in this place.
 D = Time resting spent in this place.
 E = Time spent auto-exploring this place.
 F = Levels seen in this place.
 G = Mean time per level.
                   A        B        C        D        E       F      G
               +--------+--------+--------+--------+--------+-----+--------+
         Total |   2575 |   2448 |    127 |      0 |   2217 |   3 |  858.3 |
       Dungeon |   2575 |   2448 |    127 |      0 |   2217 |   3 |  858.3 |
               +--------+--------+--------+--------+--------+-----+--------+

Top non-repeatable levels by time:
     D:1: 1243 daAuts
     D:2: 955 daAuts
     D:3: 376 daAuts
